 Dungeon Crawl Stone Soup version 0.26.1-2-gb8aa6d0cf2 (webtiles) character file.

Game seed: 11991120036783707755

198547 Gabide the Luminary of Lethal Lore (level 18, -2/140 HPs)
             Began as a Gnoll Wanderer on Feb 12, 2021.
             Was the Champion of Vehumet.
             Slain by a fire dragon zombie (4 damage)
             ... led by a necromancer
             ... on level 3 of the Abyss on Feb 19, 2021.
             The game lasted 06:03:06 (51702 turns).

Gabide the Luminary of Lethal Lore (GnWn)          Turns: 51702, Time: 06:03:07

Health: -2/140     AC: 39    Str: 12    XL:     18   Next: 44%
Magic:  35/35      EV:  8    Int: 29    God:    Vehumet [******]
Gold:   2346       SH:  0    Dex: 17    Spells: 3/43 levels left

rFire    + + +     SeeInvis .   K - +7 great mace "Undeadhunter" {disrupt, rN+}
rCold    + . .     Faith    +   (shield currently unavailable)
rNeg     + . .     Spirit   .   S - +14 plate armour of the Arcane {*Drain rPois Dex+2}
rPois    +         Reflect  .   m - +2 helmet
rElec    +         Harm     .   E - +2 cloak
rCorr    .         Rampage  .   k - +2 pair of gloves
Will     +....                  I - +2 pair of boots
Stlth    +.........             c - amulet of Devotion {Faith Int+6}
HPRegen  0.33/turn              W - ring of Equilibrium {*Corrode *Slow rElec rF+++ Str-4 Slay+5}
MPRegen  0.24/turn              b - ring "Mimit" {Wiz rC+ Int+2}

@: corroded, studying Polearms
A: distributed training, fangs 1, strong nose
}: 1/15 runes: barnacled
a: Renounce Religion


You were on level 3 of the Abyss.
You worshipped Vehumet.
Vehumet was exalted by your worship.
You visited 5 branches of the dungeon, and saw 28 of its levels.
You visited the Abyss 1 time.

You collected 3328 gold pieces.
You spent 982 gold pieces at shops.

Inventory:

Hand Weapons
 o - the +2 flail of Deformation {freeze, rElec rPois rN+ Str-4}
   (You found it on level 1 of the Lair of Beasts)

   It has been specially enchanted to freeze those struck by it, causing extra
   injury to most foes and up to half again as much damage against particularly
   susceptible opponents.
   It can also slow down cold-blooded creatures.
   It affects your strength (-4).
   It insulates you from electricity.
   It protects you from poison.
   It protects you from negative energy.
 A - a +6 rapier of speed
 F - a +2 antimagic demon trident
 K - the +7 great mace "Undeadhunter" (weapon) {disrupt, rN+}
   (You acquired it on level 12 of the Dungeon)

   It protects you from negative energy.
Missiles
 G - 7 silver javelins (quivered)
Armour
 a - a +2 robe of the Archmagi
 k - a +2 pair of gloves (worn)
 m - a +2 helmet (worn)
 q - a +2 buckler
 x - +0 ice dragon scales
 E - a +2 cloak (worn)
 I - a +2 pair of boots (worn)
 S - the +14 plate armour of the Arcane (worn) {*Drain rPois Dex+2}
   (You found it on level 4 of the Shoals)

   It affects your dexterity (+2).
   It protects you from poison.
   It causes draining when unequipped.
Magical Staves
 v - an uncursed staff of poison
 N - an uncursed staff of conjuration
Jewellery
 b - the ring "Mimit" (right hand) {Wiz rC+ Int+2}
   (You took it off a yaktaur captain on level 12 of the Dungeon)

   [ring of wizardry]

   It improves your spell success rate.
   It affects your intelligence (+2).
   It protects you from cold.
 c - the amulet of Devotion (around neck) {Faith Int+6}
   (You found it on level 6 of the Lair of Beasts)

   [amulet of faith]

   It allows you to gain divine favour quickly.
   It affects your intelligence (+6).
 y - an uncursed ring of resist corrosion
 D - a +4 ring of protection
 R - the ring of the Hare {EV+8}
   (You took it off an orc on level 1 of the Orcish Mines)

   [ring of evasion]

   It affects your evasion (+8).
 V - the ring "Veghos" {Ice +Blink Will+ Dex+4}
   (You took it off an orc wizard on level 1 of the Orcish Mines)

   [ring of ice]

   It enhances your ice magic.
   It affects your dexterity (+4).
   It makes you vulnerable to fire.
   It protects you from cold.
   It affects your willpower, your defense against some magical effects.
   It lets you blink.
 W - the ring of Equilibrium (left hand) {*Corrode *Slow rElec rF+++ Str-4 Slay+5}
   (You took it off an orc on level 1 of the Orcish Mines)

   [ring of strength]

   It affects your strength (-4).
   It affects your accuracy and damage with ranged weapons and melee attacks
   (+5).
   It renders you almost immune to fire.
   It insulates you from electricity.
   It may corrode you when you take damage.
   It may slow you when you take damage.
 X - the ring "Plog" {Fire MP+9 Str-2 Dex+2 Slay+2}
   (You found it on level 1 of the Orcish Mines)

   [ring of fire]

   It enhances your fire magic.
   It affects your strength (-2).
   It affects your dexterity (+2).
   It affects your accuracy and damage with ranged weapons and melee attacks
   (+2).
   It protects you from fire.
   It makes you vulnerable to cold.
   It affects your magic capacity (+9).
Wands
 z - a wand of paralysis (28)
 T - a wand of acid (13)
Scrolls
 l - 12 scrolls of remove curse
 n - 6 scrolls of teleportation
 p - 4 scrolls of magic mapping
 s - 7 scrolls of identify
 t - a scroll of blinking
 H - a scroll of fear
 M - a scroll of enchant armour
 P - 2 scrolls of fog
Potions
 d - 2 potions of brilliance
 f - a potion of haste
 g - 7 potions of flight
 h - a potion of resistance
 i - 4 potions of attraction
 j - a potion of curing
 r - 4 potions of ambrosia
 B - 4 potions of cancellation
 O - 4 potions of lignification
 U - 2 potions of berserk rage
Books
 J - a manual of Polearms
Miscellaneous
 e - a phial of floods
 w - a lightning rod (4/4)
 L - a condenser vane
 Y - a phantom mirror


   Skills:
 + Level 12.1 Fighting
 + Level 12.1 Short Blades
 + Level 12.1 Long Blades
 + Level 12.1 Axes
 + Level 12.1 Maces & Flails
 + Level 12.4 Polearms
 + Level 12.1 Staves
 + Level 12.1 Slings
 + Level 12.1 Bows
 + Level 12.1 Crossbows
 + Level 12.1 Throwing
 + Level 12.1 Armour
 + Level 12.1 Dodging
 + Level 12.7 Stealth
 + Level 12.1 Shields
 + Level 12.1 Unarmed Combat
 + Level 13.0 Spellcasting
 + Level 10.4 Conjurations
 + Level 10.4 Hexes
 + Level 10.4 Summonings
 + Level 10.4 Necromancy
 + Level 10.4 Translocations
 + Level 10.4 Transmutations
 + Level 10.4 Fire Magic
 + Level 10.4 Ice Magic
 + Level 10.4 Air Magic
 + Level 11.0 Earth Magic
 + Level 12.3 Poison Magic
 + Level 13.1 Invocations
 + Level 12.1 Evocations


You had 3 spell levels left.
You knew the following spells:

 Your Spells              Type           Power        Failure   Level
a - Sting                 Tmut/Pois      100%         1%          1
b - Poisonous Vapours     Pois/Air       100%         1%          2
c - Olgreb's Toxic Radia  Pois           74%          1%          4
d - Spellforged Servitor  Conj/Summ      34%          80%         7
e - Ignite Poison         Fire/Tmut/Pois 70%          1%          3
f - Sublimation of Blood  Necr           34%          1%          2
g - Corpse Rot            Necr/Air       N/A          1%          2
h - Frozen Ramparts       Ice            100%         1%          3
i - Eringya's Noxious Bo  Tmut/Pois      35%          24%         6
j - Freezing Cloud        Conj/Ice/Air   34%          32%         6
k - Hailstorm             Conj/Ice       68%          2%          4

Your spell library contained the following spells:

 Spells                   Type           Power        Failure   Level
 Lehudib's Crystal Spear  Conj/Erth      34%          100%        8
 Animate Skeleton         Necr           100%         1%          1
 Apportation              Tloc           100%         1%          1
 Corona                   Hex            75%          1%          1
 Foxfire                  Conj/Fire      100%         1%          1
 Freeze                   Ice            100%         1%          1
 Sandblast                Erth           100%         1%          1
 Summon Small Mammal      Summ           100%         1%          1
 Call Imp                 Summ           68%          1%          2
 Passwall                 Tmut/Erth      57%          1%          2
 Conjure Flame            Conj/Fire      68%          1%          3
 Inner Flame              Hex/Fire       68%          1%          3
 Mephitic Cloud           Conj/Pois/Air  70%          1%          3
 Static Discharge         Conj/Air       68%          1%          3
 Stone Arrow              Conj/Erth      100%         1%          3
 Call Canine Familiar     Summ           68%          2%          3
 Confusing Touch          Hex            68%          2%          3
 Gell's Gravitas          Tloc           34%          2%          3
 Lesser Beckoning         Tloc           34%          2%          3
 Ozocubu's Armour         Ice            68%          2%          3
 Summon Guardian Golem    Hex/Summ       68%          2%          3
 Airstrike                Air            34%          2%          4
 Sticky Flame             Conj/Fire      68%          2%          4
 Lee's Rapid Deconstruct  Erth           35%          5%          5
 Fireball                 Conj/Fire      34%          7%          5
 Yara's Violent Unravell  Hex/Tmut       34%          7%          5
 Petrify                  Tmut/Erth      69%          8%          4
 Summon Ice Beast         Ice/Summ       68%          9%          4
 Summon Lightning Spire   Summ/Air       68%          9%          4
 Metabolic Englaciation   Hex/Ice        34%          24%         5
 Malign Gateway           Summ/Tloc      34%          99%         7
 Monstrous Menagerie      Summ           34%          99%         7
 Summon Greater Demon     Summ           34%          99%         7
 Summon Horrible Things   Summ           34%          100%        8


Dungeon Overview and Level Annotations

Branches:
Dungeon (14/15)            Temple (0/1) D:4            Lair (6/6) D:10
 Shoals (4/4) Lair:3        Snake (0/4) Lair:4        Slime (0/5) Lair:5
    Orc (2/2) D:9             Elf (2/3) Orc:2        Vaults (0/5) D:13

Altars:
Fedhas
Gozag
Kikubaaqudgha
Makhleb
Nemelex Xobeh
Okawaru
Qazlal
Trog
Uskayaw
Vehumet
Wu Jian
Xom
Zin
The Shining One
Beogh
Jiyva

Shops:
D:4 *   D:14 *   Orc:2 !?!:

Annotations:
D:12 1 runed translucent door
D:14 exclusion: orange crystal statue
Lair:5 4 runed translucent doors, exclusion: oklob plant, Olaeruacom's ghost, journeyman MiBe
Shoals:2 1 exclusion
Shoals:4 exclusions: simulacrum and 7 more exclusions
Elf:2 1 runed translucent door
Abyss:3 1 runed translucent door


Innate Abilities, Weirdness & Mutations

Your experience applies equally to all skills.
You have very sharp teeth.
Your uncanny sense of smell can sniff out nearby items.


Message History

The hell hog bites you but does no damage.
The small abomination hits you but does no damage.
You hit the hell hog.
The hell hog is almost dead.
The hell hog bites you!
* * * LOW HITPOINT WARNING * * *
The fire giant skeleton barely misses you.
An iron imp comes into view.
The small abomination barely misses you.
The hell hog bites you but does no damage.
You feel better.
A hell hog comes into view.
The small abomination hits you but does no damage.
The fire giant skeleton hits you!
* * * LOW HITPOINT WARNING * * *
The hell hog bites you but does no damage.
The fire dragon zombie bites you but does no damage.
The fire dragon zombie barely misses you.
The fire dragon zombie tramples you.
You die...

∆. # ( ##
.. .# .#.
###(#
###.#h##
#...Zh.##
#.#x@Z#.#
#.###5#
## ##).#
.## ##


You could see 2 hell hogs, a small abomination, an iron imp, a fire dragon
zombie and a fire giant skeleton.

Vanquished Creatures
  Asterion (Elf:1)
  2 tengu reavers (D:12)
  Ilsuiw (Shoals:2)
  A storm dragon (D:12)
  A deep elf elementalist (Elf:2)
  2 orc warlords (Orc:1)
  5 merfolk javelineers (Shoals:4)
  10 merfolk impalers
  Snorg (D:10)
  An ettin (D:12)
  3 yaktaur captains (D:12)
  A deep elf high priest (Elf:1)
  8 hydras
  3 merfolk avatars
  Erolcha (D:10)
  2 centaur warriors (D:14)
  2 catoblepae
  6 boulder beetles
  8 merfolk aquamancers
  6 two-headed ogres
  6 satyrs
  9 death yaks
  14 dancing weapons
  2 tengu warriors (D:14)
  3 thrashing horrors (Abyss:3)
  Sonja (Lair:5)
  7 deep elf knights
  A wretched star (Abyss:3)
  15 sea snakes
  3 unseen horrors
  A phantasmal warrior (D:12)
  4 deep elf archers
  A wizard (D:13)
  20 harpies
  3 large abominations (Abyss:3)
  A kraken simulacrum (Shoals:4)
  6 orc knights
  2 nameless horrors (Lair:6)
  A necromancer (Abyss:3)
  35 deep elf magi
  5 cyclopes
  14 fauns
  An ugly thing (D:12)
  12 manticores
  10 elephants (Lair:6)
  10 black mambas
  14 merfolk sirens
  2 centaur zombies (D:14)
  A smoke demon (Abyss:3)
  12 cane toads
  A water nymph (Shoals:4)
  A freezing wraith (D:13)
  3 rime drakes
  2 demonic crawlers (Elf:2)
  6 komodo dragons
  A tengu conjurer (D:14)
  6 trolls
  21 merfolk
  5 wind drakes
  8 polar bears
  2 raiju (Abyss:3)
  2 hornets (Lair:6)
  3 blink frogs (Lair:5)
  13 dream sheep
  7 slime creatures (D:14)
  8 snapping turtles
  A frost giant simulacrum (Abyss:3)
  A meliai zombie (D:10)
  10 spriggans (Lair:6)
  9 water elementals
  39 yaks
  Sigmund (D:5)
  A vampire (D:13)
  7 basilisks
  5 wraiths
  A wyvern (D:12)
  A fire elemental (Elf:2)
  Eustachio (D:4)
  2 chaos spawn (Abyss:3)
  A neqoxec (Abyss:3)
  Grum (D:10)
  A vampire mosquito (Elf:2)
  4 wargs
  21 water moccasins
  3 sky beasts
  2 ice beasts
  2 black bears
  56 orc warriors
  10 ogres
  4 boggarts (Lair:6)
  3 phantoms
  17 wolves
  An eye of draining (D:8)
  32 centaurs
  2 big kobolds
  17 bullfrogs
  A wyvern zombie (D:14)
  An earth elemental (Elf:1)
  A water moccasin zombie (D:9)
  6 scorpions
  4 killer bees (D:10)
  2 vampire bats (D:6)
  8 electric eels (D:8)
  15 wights
  3 howler monkeys
  2 small abominations (Abyss:3)
  A bullfrog zombie (D:9)
  9 hounds
  A gnoll shaman (D:9)
  26 orc priests
  24 orc wizards
  3 centaur skeletons
  2 bullfrog skeletons
  3 iguanas
  Terence (D:2)
  Ijyb (D:4)
  10 worker ants
  A naga skeleton (Abyss:3)
  2 hound skeletons (D:8)
  A howler monkey skeleton (D:10)
  13 gnolls
  15 adders
  2 shadow imps
  5 white imps
  2 ufetubi
  2 oozes
  5 worms
  6 leopard geckos
  134 orcs
  5 ball pythons
  3 bat skeletons (D:6)
  2 bat zombies (D:6)
  7 giant cockroaches
  8 goblins
  6 hobgoblins
  15 jackals
  12 kobolds
  7 quokkas
  8 bats
  5 frilled lizards
  A jackal zombie (D:5)
  A leopard gecko skeleton (D:7)
  2 leopard gecko zombies
  9 rats
1029 creatures vanquished.

Vanquished Creatures (collateral kills)
  A merfolk impaler (Shoals:1)
  A hydra (Lair:6)
  2 sea snakes
  2 harpies (Shoals:4)
  A cyclops (Shoals:3)
  A manticore (Shoals:4)
  A black mamba (Lair:6)
  A water nymph (Shoals:1)
  A cane toad (Lair:6)
  A merfolk (Shoals:4)
  2 wind drakes (Shoals:1)
  A hornet (Lair:6)
  An air elemental (Elf:1)
  A spriggan (Lair:6)
  2 water elementals (Shoals:1)
  6 wolves (Lair:6)
  A boggart (Lair:6)
  An electric eel (Lair:6)
27 creatures vanquished.

Vanquished Creatures (others)
  Frances (Elf:1)
  A merfolk javelineer (Shoals:4)
  2 merfolk impalers (Shoals:4)
  A nameless horror (Lair:6)
  A hydra (Lair:5)
  A death yak (Lair:5)
  A sea snake (Shoals:1)
  A deep elf mage (Elf:1)
  A merfolk siren (Shoals:4)
  A cane toad (Lair:5)
  A komodo dragon (Lair:6)
  A blink frog (Lair:5)
  A water elemental (Shoals:4)
  3 yaks (Lair:6)
  3 water moccasins (Lair:4)
  A jelly (D:14)
  2 adders (Lair:4)
  A bush (Lair:6)
  33 fungi
  98 plants
  13 tentacles
168 creatures vanquished.

Grand Total: 1224 creatures vanquished

Notes
Turn   | Place    | Note
-------+----------+-------------------------------------------
     0 | D:1      | Gabide the Gnoll Wanderer began the quest for the Orb.
     0 | D:1      | Gabide set off with the following items: a +0 dagger, a
                  | potion of lignification, a +0 robe; and the following spell
                  | memorised: Sting; and the following spells available to
                  | memorise: Poisonous Vapours, Olgreb's Toxic Radiance,
                  | Ignite Poison, Mephitic Cloud, Corpse Rot, Sublimation of
                  | Blood
     0 | D:1      | Reached XP level 1. HP: 13/13 MP: 6/6
   236 | D:1      | Reached XP level 2. HP: 19/19 MP: 5/7
   239 | D:1      | Learned a level 2 spell: Poisonous Vapours
   550 | D:1      | Reached XP level 3. HP: 25/25 MP: 6/9
   599 | D:1      | Reached skill level 5 in Spellcasting
   821 | D:1      | Reached skill level 1 in Invocations
  1092 | D:1      | Reached skill level 1 in Fighting
  1092 | D:1      | Reached skill level 1 in Short Blades
  1092 | D:1      | Reached skill level 1 in Long Blades
  1092 | D:1      | Reached skill level 1 in Axes
  1092 | D:1      | Reached skill level 1 in Maces & Flails
  1092 | D:1      | Reached skill level 1 in Polearms
  1092 | D:1      | Reached skill level 1 in Staves
  1092 | D:1      | Reached skill level 1 in Slings
  1092 | D:1      | Reached skill level 1 in Bows
  1092 | D:1      | Reached skill level 1 in Crossbows
  1092 | D:1      | Reached skill level 1 in Throwing
  1092 | D:1      | Reached skill level 1 in Armour
  1092 | D:1      | Reached skill level 1 in Dodging
  1092 | D:1      | Reached skill level 1 in Shields
  1092 | D:1      | Reached skill level 1 in Unarmed Combat
  1092 | D:1      | Reached skill level 1 in Evocations
  1235 | D:2      | Noticed a centaur
  1238 | D:2      | HP: 1/26 [centaur/arrow (7)]
  1242 | D:2      | Killed a centaur
  1243 | D:2      | Reached skill level 1 in Conjurations
  1243 | D:2      | Reached skill level 1 in Hexes
  1243 | D:2      | Reached skill level 1 in Summonings
  1243 | D:2      | Reached skill level 1 in Necromancy
  1243 | D:2      | Reached skill level 1 in Translocations
  1243 | D:2      | Reached skill level 1 in Transmutations
  1243 | D:2      | Reached skill level 1 in Fire Magic
  1243 | D:2      | Reached skill level 1 in Ice Magic
  1243 | D:2      | Reached skill level 1 in Air Magic
  1243 | D:2      | Reached XP level 4. HP: 3/32 MP: 1/11
  1243 | D:2      | Reached XP level 5. HP: 4/37 MP: 1/12
  2234 | D:2      | Found a faded altar of an unknown god.
  2390 | D:2      | Noticed Terence
  2397 | D:2      | Killed Terence
  3190 | D:3      | Reached XP level 6. HP: 35/44 MP: 1/13
  5074 | D:4      | Noticed Eustachio
  5091 | D:4      | Killed Eustachio
  5092 | D:4      | Reached XP level 7. HP: 33/51 MP: 4/15
  5485 | D:4      | Found Daschew's Serpentskin Sales.
  5501 | D:4      | Reached skill level 5 in Stealth
  5645 | D:4      | Bought 2 curare-tipped darts for 14 gold pieces
  5874 | D:4      | Noticed Ijyb
  5881 | D:4      | Killed Ijyb
  6182 | D:4      | Found a staircase to the Ecumenical Temple.
  6198 | D:4      | Reached XP level 8. HP: 57/57 MP: 16/16
  6255 | D:4      | Learned a level 4 spell: Olgreb's Toxic Radiance
  6259 | D:4      | Learned a level 3 spell: Mephitic Cloud
  6263 | D:4      | Learned a level 3 spell: Ignite Poison
  6266 | D:4      | Learned a level 2 spell: Sublimation of Blood
  6419 | D:4      | Learned a level 2 spell: Corpse Rot
  6631 | D:5      | Entered Level 5 of the Dungeon
  6921 | D:5      | Noticed Sigmund
  6934 | D:5      | Killed Sigmund
  7283 | D:5      | You fall into a shaft and drop 3 floors!
  7449 | D:7      | Identified the Incunabulum of Gliding Dislocation
  7578 | D:7      | Reached skill level 5 in Earth Magic
  7578 | D:7      | Reached XP level 9. HP: 65/65 MP: 3/18
  8564 | D:6      | Found an opulent altar of Gozag.
  8565 | D:6      | Found a bloodstained altar of Trog.
  8567 | D:6      | Found a glowing golden altar of the Shining One.
  8568 | D:6      | Found an iron altar of Okawaru.
  8570 | D:6      | Found a shimmering altar of Xom.
  9622 | D:6      | Found an ancient bone altar of Kikubaaqudgha.
  9887 | D:5      | Got a slimy robe
  9898 | D:5      | Identified the +2 robe of Asywku {rPois Int+3} (You found
                  | it on level 5 of the Dungeon)
  9932 | D:5      | Found a stormy altar of Qazlal.
  9984 | D:5      | Found a blossoming altar of Fedhas.
  9984 | D:5      | Found a radiant altar of Vehumet.
 10182 | D:5      | Became a worshipper of Vehumet
 10482 | D:8      | Found an ornate altar of the Wu Jian Council.
 10655 | D:8      | Found a burning altar of Makhleb.
 10660 | D:8      | Found a glowing silver altar of Zin.
 10660 | D:8      | Noticed a balrug
 10660 | D:8      | Noticed an angel
 10898 | D:8      | Reached skill level 5 in Invocations
 11021 | D:8      | Noticed a two-headed ogre
 11029 | D:8      | Killed a two-headed ogre
 11030 | D:8      | Reached XP level 10. HP: 33/73 MP: 4/20
 11215 | D:8      | Reached skill level 5 in Fighting
 11215 | D:8      | Reached skill level 5 in Short Blades
 11215 | D:8      | Reached skill level 5 in Long Blades
 11215 | D:8      | Reached skill level 5 in Axes
 11215 | D:8      | Reached skill level 5 in Maces & Flails
 11215 | D:8      | Reached skill level 5 in Polearms
 11215 | D:8      | Reached skill level 5 in Staves
 11215 | D:8      | Reached skill level 5 in Slings
 11215 | D:8      | Reached skill level 5 in Bows
 11215 | D:8      | Reached skill level 5 in Crossbows
 11215 | D:8      | Reached skill level 5 in Throwing
 11215 | D:8      | Reached skill level 5 in Armour
 11215 | D:8      | Reached skill level 5 in Dodging
 11215 | D:8      | Reached skill level 5 in Shields
 11215 | D:8      | Reached skill level 5 in Unarmed Combat
 11215 | D:8      | Reached skill level 5 in Evocations
 11272 | D:8      | Reached * piety under Vehumet
 11272 | D:8      | Offered knowledge of Foxfire by Vehumet.
 12112 | D:8      | Noticed a boulder beetle
 12125 | D:8      | Killed a boulder beetle
 12675 | D:9      | Reached ** piety under Vehumet
 12675 | D:9      | Offered knowledge of Searing Ray by Vehumet.
 12824 | D:9      | Found a roughly hewn altar of Beogh.
 12826 | D:9      | Found a staircase to the Orcish Mines.
 12990 | D:9      | Found a sparkling altar of Nemelex Xobeh.
 13197 | D:9      | Offered knowledge of Stone Arrow by Vehumet.
 13578 | D:9      | Reached *** piety under Vehumet
 13586 | D:9      | Reached XP level 11. HP: 81/81 MP: 17/22
 14041 | D:10     | Entered Level 10 of the Dungeon
 14142 | D:10     | Offered knowledge of Frozen Ramparts by Vehumet.
 14147 | D:10     | Learned a level 3 spell: Frozen Ramparts
 14181 | D:10     | Reached skill level 5 in Conjurations
 14181 | D:10     | Reached skill level 5 in Hexes
 14181 | D:10     | Reached skill level 5 in Summonings
 14181 | D:10     | Reached skill level 5 in Necromancy
 14181 | D:10     | Reached skill level 5 in Translocations
 14181 | D:10     | Reached skill level 5 in Transmutations
 14181 | D:10     | Reached skill level 5 in Fire Magic
 14181 | D:10     | Reached skill level 5 in Ice Magic
 14181 | D:10     | Reached skill level 5 in Air Magic
 14296 | D:10     | Reached **** piety under Vehumet
 14299 | D:10     | Noticed Erolcha
 14301 | D:10     | Paralysed by Erolcha for 4 turns
 14302 | D:10     | Noticed Grum
 14305 | D:10     | Noticed Snorg
 14306 | D:10     | Paralysed by Erolcha for 5 turns
 14315 | D:10     | Found a staircase to the Lair.
 14321 | D:10     | Killed Erolcha
 14321 | D:10     | Offered knowledge of Airstrike by Vehumet.
 14321 | D:10     | Killed Grum
 14327 | D:10     | Killed Snorg
 15710 | D:11     | Noticed a two-headed ogre
 15715 | D:11     | Killed a two-headed ogre
 15813 | D:11     | Killed an unseen horror
 16161 | D:12     | Noticed a cyclops
 16165 | D:12     | Killed a cyclops
 16203 | D:12     | Noticed a green ugly thing
 16211 | D:12     | Killed a green ugly thing
 16548 | D:12     | Noticed a manticore
 16551 | D:12     | Killed a manticore
 16552 | D:12     | Reached XP level 12. HP: 89/89 MP: 23/24
 17565 | D:12     | Identified a scroll of acquirement
 17565 | D:12     | Acquired the +7 great mace "Undeadhunter" {disrupt, rN+}
 17566 | D:12     | Found the +7 great mace "Undeadhunter" {disrupt, rN+}
 17811 | D:12     | Reached ***** piety under Vehumet
 17979 | D:12     | Found a runed translucent door.
 17979 | D:12     | Found a glowing golden altar of the Shining One.
 17979 | D:12     | Noticed an angel
 18459 | D:12     | Noticed a storm dragon
 18459 | D:12     | Noticed an ettin
 18459 | D:12     | Noticed a yaktaur captain
 18460 | D:12     | Found a runed translucent door.
 18462 | D:12     | Noticed a yaktaur captain
 18462 | D:12     | Noticed a tengu reaver
 18462 | D:12     | Identified the ring "Mimit" {Wiz rC+ Int+2}
 18462 | D:12     | Noticed a yaktaur captain
 18462 | D:12     | Identified the +7 war axe of Adaddopa {flame, rN+ Will+
                  | Str-3}
 18462 | D:12     | Noticed a tengu reaver
 18471 | D:12     | Killed a tengu reaver
 18472 | D:12     | Killed a yaktaur captain
 18472 | D:12     | Killed an ettin
 18473 | D:12     | Killed a yaktaur captain
 18473 | D:12     | Killed a storm dragon
 18474 | D:12     | Killed a tengu reaver
 18475 | D:12     | Killed a yaktaur captain
 18476 | D:12     | Reached XP level 13. HP: 39/98 MP: 26/26
 18487 | D:12     | Learned a level 4 spell: Airstrike
 18723 | D:12     | Learned a level 6 spell: Freezing Cloud
 19746 | D:13     | You fall into a shaft and drop 1 floor!
 19820 | D:14     | Found Esykoit's General Store.
 19834 | D:14     | Bought a +4 ring of evasion for 468 gold pieces
 19892 | D:14     | Offered knowledge of Iskenderun's Mystic Blast by Vehumet.
 19898 | D:14     | Got a spiked chain mail
 20127 | D:14     | Identified the cursed +0 chain mail "Voz Wodd" {*Corrode
                  | +Fly Int+3 Dex+3} (You found it on level 14 of the Dungeon)
 20697 | D:14     | Reached skill level 10 in Poison Magic
 22187 | D:13     | Found a gate to the Vaults.
 22685 | D:13     | Reached skill level 10 in Spellcasting
 23693 | Orc:1    | Entered Level 1 of the Orcish Mines
 23875 | Orc:2    | Entered Level 2 of the Orcish Mines
 24191 | Orc:2    | Reached XP level 14. HP: 85/106 MP: 12/28
 24861 | Orc:2    | Found a staircase to the Elven Halls.
 25255 | Orc:2    | Found a roughly hewn altar of Beogh.
 25353 | Orc:2    | Found Tical's Distillery.
 25353 | Orc:2    | Found Aseha's Magic Scroll Emporium.
 25355 | Orc:2    | Found Agrall's Distillery.
 25357 | Orc:2    | Found Qotzuovo's Book Boutique.
 25483 | Orc:2    | Bought 2 potions of resistance for 260 gold pieces
 25718 | Orc:1    | Found a roughly hewn altar of Beogh.
 25724 | Orc:1    | Identified the +6 chain mail of Kohed {-Cast +Inv rN+
                  | Slay+3}
 25724 | Orc:1    | Identified the +1 buckler "Jehuwkap" {rF+}
 25955 | Orc:1    | Noticed an orc warlord
 25958 | Orc:1    | Offered knowledge of Eringya's Noxious Bog by Vehumet.
 25962 | Orc:1    | Reached skill level 10 in Stealth
 25963 | Orc:1    | Killed an orc warlord
 25984 | Orc:1    | Identified the cursed ring of Equilibrium {*Corrode *Slow
                  | rElec rF+++ Str-4 Slay+5}
 25999 | Orc:1    | Noticed an orc warlord
 26018 | Orc:1    | Killed an orc warlord
 26019 | Orc:1    | Reached skill level 10 in Invocations
 26030 | Orc:1    | Identified the ring "Veghos" {Ice +Blink Will+ Dex+4}
 26408 | Orc:1    | Got a shimmering pewter ring
 26758 | D:6      | Identified the ring "Plog" {Fire MP+9 Str-2 Dex+2 Slay+2}
                  | (You found it on level 1 of the Orcish Mines)
 27131 | D:4      | Bought an uncursed ring of poison resistance for 240 gold
                  | pieces
 27701 | Lair:1   | Entered Level 1 of the Lair of Beasts
 28018 | Lair:1   | Found an ornate altar of the Wu Jian Council.
 28163 | Lair:1   | Found a hide-covered altar of Uskayaw.
 28219 | Lair:1   | Got a blackened flail
 28220 | Lair:1   | Identified the cursed +2 flail of Deformation {freeze,
                  | rElec rPois rN+ Str-4} (You found it on level 1 of the Lair
                  | of Beasts)
 30904 | Lair:3   | Found a staircase to the Shoals.
 31904 | Lair:4   | Got a dazzling ring mail
 31915 | Lair:4   | Identified the +1 ring mail of Paranoia {Dex+5} (You found
                  | it on level 4 of the Lair of Beasts)
 31969 | Lair:4   | Learned a level 6 spell: Eringya's Noxious Bog
 32402 | Lair:4   | Found a staircase to the Snake Pit.
 32643 | Lair:4   | Reached XP level 15. HP: 115/115 MP: 19/29
 32701 | Lair:4   | Offered knowledge of Spellforged Servitor by Vehumet.
 33655 | Lair:5   | Found a runed translucent gate.
 33656 | Lair:5   | Found a runed translucent gate.
 33656 | Lair:5   | Found a runed translucent gate.
 33670 | Lair:5   | Noticed Olaeruacom's ghost (journeyman MiBe)
 34061 | Lair:5   | Noticed Sonja
 34067 | Lair:5   | Killed Sonja
 34828 | Lair:5   | Found a runed translucent door.
 34829 | Lair:5   | Found a viscous altar of Jiyva.
 34829 | Lair:5   | Found a staircase to the Slime Pits.
 35082 | Lair:6   | Entered Level 6 of the Lair of Beasts
 35117 | Lair:6   | Reached skill level 10 in Fighting
 35117 | Lair:6   | Reached skill level 10 in Short Blades
 35117 | Lair:6   | Reached skill level 10 in Long Blades
 35117 | Lair:6   | Reached skill level 10 in Axes
 35117 | Lair:6   | Reached skill level 10 in Maces & Flails
 35117 | Lair:6   | Reached skill level 10 in Polearms
 35117 | Lair:6   | Reached skill level 10 in Staves
 35117 | Lair:6   | Reached skill level 10 in Slings
 35117 | Lair:6   | Reached skill level 10 in Bows
 35117 | Lair:6   | Reached skill level 10 in Crossbows
 35117 | Lair:6   | Reached skill level 10 in Throwing
 35117 | Lair:6   | Reached skill level 10 in Armour
 35117 | Lair:6   | Reached skill level 10 in Dodging
 35117 | Lair:6   | Reached skill level 10 in Shields
 35117 | Lair:6   | Reached skill level 10 in Unarmed Combat
 35117 | Lair:6   | Reached skill level 10 in Evocations
 35129 | Lair:6   | Got a steaming falchion
 35130 | Lair:6   | Identified the cursed +2 falchion "Hiyg" {venom, *Corrode
                  | rN++} (You found it on level 6 of the Lair of Beasts)
 35270 | Lair:6   | Learned a level 7 spell: Spellforged Servitor
 36950 | Lair:6   | Got a pitted copper amulet
 36961 | Lair:6   | Identified the amulet of Devotion {Faith Int+6} (You found
                  | it on level 6 of the Lair of Beasts)
 37770 | Shoals:1 | Entered Level 1 of the Shoals
 38922 | Shoals:1 | Reached XP level 16. HP: 123/123 MP: 1/31
 39264 | Shoals:2 | Noticed Ilsuiw
 39267 | Shoals:2 | Reached ****** piety under Vehumet
 39275 | Shoals:2 | Killed Ilsuiw
 40550 | Shoals:2 | Noticed a kraken
 40903 | Shoals:2 | Reached skill level 10 in Earth Magic
 41659 | Shoals:3 | Offered knowledge of Lightning Bolt by Vehumet.
 43453 | Shoals:4 | Entered Level 4 of the Shoals
 43763 | Shoals:4 | Reached XP level 17. HP: 131/131 MP: 26/33
 44413 | Shoals:4 | Got a slimy plate armour
 44414 | Shoals:4 | Identified the +14 plate armour of the Arcane {*Drain rPois
                  | Dex+2} (You found it on level 4 of the Shoals)
 44523 | Shoals:4 | Offered knowledge of Ozocubu's Refrigeration by Vehumet.
 46856 | Shoals:4 | Got a barnacled rune of Zot
 47381 | Elf:1    | Entered Level 1 of the Elven Halls
 47660 | Elf:1    | Reached skill level 10 in Conjurations
 47660 | Elf:1    | Reached skill level 10 in Hexes
 47660 | Elf:1    | Reached skill level 10 in Summonings
 47660 | Elf:1    | Reached skill level 10 in Necromancy
 47660 | Elf:1    | Reached skill level 10 in Translocations
 47660 | Elf:1    | Reached skill level 10 in Transmutations
 47660 | Elf:1    | Reached skill level 10 in Fire Magic
 47660 | Elf:1    | Reached skill level 10 in Ice Magic
 47660 | Elf:1    | Reached skill level 10 in Air Magic
 48029 | Elf:1    | Noticed Frances
 48041 | Elf:1    | Killed Frances
 48134 | Elf:1    | Offered knowledge of Starburst by Vehumet.
 48276 | Elf:1    | Noticed Asterion
 48287 | Elf:1    | Killed Asterion
 48423 | Elf:1    | Learned a level 4 spell: Hailstorm
 48989 | Elf:2    | Reached XP level 18. HP: 126/140 MP: 11/34
 50661 | Elf:2    | Found a runed translucent door.
 50685 | Elf:2    | Found a runed translucent door.
 51121 | Elf:2    | Noticed a deep elf blademaster
 51130 | Elf:2    | Cast into level 3 of the Abyss (+2 battleaxe of distortion)
 51130 | Abyss:3  | Found a runed translucent door.
 51164 | Abyss:3  | Offered knowledge of Lehudib's Crystal Spear by Vehumet.
 51234 | Abyss:3  | Paralysed by accursed screaming for 1 turns
 51242 | Abyss:3  | Found a corrupted altar of Lugonu.
 51523 | Abyss:3  | Noticed a profane servitor
 51701 | Abyss:3  | HP: 6/140 [hell hog (12)]
 51702 | Abyss:3  | HP: 2/140 [fire giant skeleton[a necromancer] (13)]
 51702 | Abyss:3  | Slain by a fire dragon zombie

Illustrated notes

Levels and vault maps discovered:
D:1:      minmay_arrival_up_and_down, layout_rooms, serial_corexii_hall,
          corexii_hall_statues_deadend, chequers_hall_statues_wall_a,
          minmay_pentomino_z4
D:2:      layout_loops_corners, chequers_ecumenical_altar_twisty, uniq_terence
D:3:      minmay_recursive_quarters, layout_loops_corners,
          minmay_misc_feat_plants, minmay_checkerbox
D:4:      layout_basic, minmay_temple_entry_steel_oval, minmay_misc_feat_doors,
          guppyfry_shop_venom, uniq_ijyb, uniq_eustachio
D:5:      layout_rooms, gammafunk_temple_overflow_wave,
          overflow_temple_1_default, chequers_serial_rivers_room_a, uniq_sigmund
D:6:      layout_loops_ring, kennysheep_vampire_church, minitemple
D:7:      layout_basic
D:8:      layout_layer_cave, grunt_temple_overflow_order_and_chaos_2,
          nzn_wu_jian_contemplation, chequers_big_river,
          nicolae_underground_beach
D:9:      layout_roguey, nemelex_altar_shiori, david_orc_5, enter_bailey_7
D:10:     layout_cave_pools, lair_entry_dummy, uniq_grum, uniq_erolcha,
          uniq_snorg
D:11:     layout_gridville
D:12:     minmay_gate_of_8, layout_layer_cave, lemuel_angel_altar
D:13:     layout_stronghold, david_vaults_1
D:14:     layout_loops_corners, serial_park_gazebo
          [serial_park_minivault_5x5_6], serial_shops, nicolae_shop_waterfront,
          minmay_protected_statue
Lair:1:   layout_regular_city, st_stairs_9, nzn_masters_of_martial_movement,
          serial_bayou_shore_a
Lair:2:   layout_small_grid, guppyfry_lair_drakes
Lair:3:   layout_concentric_octagons, minmay_shoals_entry_centaurs,
          beast_lair_carwin_9
Lair:4:   layout_cave_pods, minmay_snake_entry_six_corridors
Lair:5:   layout_regular_city, slime_altar_2, maelrawn_ghost_gauntlet_escape,
          chequers_serial_rivers_large_b, infiniplex_staircase_pool_2,
          uniq_sonja
Lair:6:   minmay_lair_end_enchanted_forest, layout_loops_ring,
          serial_bayou_shore_b, infiniplex_staircase_pool, lemuel_fruit_tree,
          grunt_megastairs_4
Shoals:1: cheibrodos_shoals_three_sisters, layout_shoals, ldierk_geyser,
          nicolae_shoals_water_elemental_grotto
Shoals:2: layout_shoals, uniq_ilsuiw
Shoals:3: layout_shoals
Shoals:4: shoals_end_grunt_ice, layout_shoals, shoal_ilsuiw
Orc:1:    layout_caves, basic_altar, serial_shops, minmay_orc_treasury
Orc:2:    st_orc_rangers, layout_caves, minmay_orc_temple_a
Elf:1:    minmay_elf_arrival_circle, layout_loops_cross,
          kennysheep_underground_church, dk_noncrumbling_2, uniq_asterion,
          uniq_frances
Elf:2:    layout_loops_corners, hex_medium, einodemon_crawler_minivault
Abyss:3:  base: Crypt:1, base: Crypt:1, nicolae_abyss_rune_left_handed

Skill      XL: |  1  2  3  4  5  6  7  8  9 10 11 12 13 14 15 16 17 18 |
---------------+-------------------------------------------------------+-----
Spellcasting   | 5 6 7 8 9 10 11 12 13 | 13.0
Invocations    | 1 2 3 4 5 6 7 8 9 10 11 12 13 | 13.1
Fighting       | 1 2 3 4 5 6 7 8 9 10 11 12 | 12.1
Short Blades   | 1 2 3 4 5 6 7 8 9 10 11 12 | 12.1
Long Blades    | 1 2 3 4 5 6 7 8 9 10 11 12 | 12.1
Axes           | 1 2 3 4 5 6 7 8 9 10 11 12 | 12.1
Maces & Flails | 1 2 3 4 5 6 7 8 9 10 11 12 | 12.1
Polearms       | 1 2 3 4 5 6 7 8 9 10 11 12 | 12.4
Staves         | 1 2 3 4 5 6 7 8 9 10 11 12 | 12.1
Slings         | 1 2 3 4 5 6 7 8 9 10 11 12 | 12.1
Bows           | 1 2 3 4 5 6 7 8 9 10 11 12 | 12.1
Crossbows      | 1 2 3 4 5 6 7 8 9 10 11 12 | 12.1
Throwing       | 1 2 3 4 5 6 7 8 9 10 11 12 | 12.1
Armour         | 1 2 3 4 5 6 7 8 9 10 11 12 | 12.1
Dodging        | 1 2 3 4 5 6 7 8 9 10 11 12 | 12.1
Shields        | 1 2 3 4 5 6 7 8 9 10 11 12 | 12.1
Unarmed Combat | 1 2 3 4 5 6 7 8 9 10 11 12 | 12.1
Evocations     | 1 2 3 4 5 6 7 8 9 10 11 12 | 12.1
Conjurations   | 1 2 3 4 5 6 7 8 9 10 | 10.4
Hexes          | 1 2 3 4 5 6 7 8 9 10 | 10.4
Summonings     | 1 2 3 4 5 6 7 8 9 10 | 10.4
Necromancy     | 1 2 3 4 5 6 7 8 9 10 | 10.4
Translocations | 1 2 3 4 5 6 7 8 9 10 | 10.4
Transmutations | 1 2 3 4 5 6 7 8 9 10 | 10.4
Fire Magic     | 1 2 3 4 5 6 7 8 9 10 | 10.4
Ice Magic      | 1 2 3 4 5 6 7 8 9 10 | 10.4
Air Magic      | 1 2 3 4 5 6 7 8 9 10 | 10.4
Earth Magic    | 4 5 6 7 8 9 10 11 | 11.0
Stealth        | 5 6 7 8 9 10 11 12 | 12.7
Poison Magic   | 8 9 10 11 12 | 12.3

Action                   |  1- 3 |  4- 6 |  7- 9 | 10-12 | 13-15 | 16-18 || total
-------------------------+-------+-------+-------+-------+-------+-------++-------
Melee: Dagger            |    14 |    26 |   139 |     5 |     2 |       ||   186
       Bite              |     1 |     4 |    27 |    28 |    30 |    67 ||   157
       Punch             |       |       |     5 |     8 |       |     6 ||    19
       Falchion          |       |       |    41 |   138 |       |       ||   179
       Great mace        |       |       |       |    25 |   336 |   235 ||   596
       Rapier            |       |       |       |       |       |    26 ||    26
       Staff             |       |       |       |       |       |    85 ||    85
       Demon trident     |       |       |       |       |       |    74 ||    74
       Flail             |       |       |       |       |       |    78 ||    78
       Unarmed           |       |       |       |       |       |    14 ||    14
Throw: Dart              |       |       |       |     2 |     1 |       ||     3
       Boomerang         |       |       |       |       |     5 |       ||     5
       Javelin           |       |       |       |       |       |     6 ||     6
 Cast: Sting             |    11 |     5 |    62 |    16 |    17 |    36 ||   147
       Poisonous Vapours |    29 |   111 |    69 |    85 |    45 |       ||   339
       Ignite Poison     |       |       |    26 |    85 |   132 |   134 ||   377
       Olgreb's Toxic Ra |       |       |    11 |    36 |    65 |    85 ||   197
       Mephitic Cloud    |       |       |     2 |     1 |     3 |       ||     6
       Corpse Rot        |       |       |     1 |       |     5 |     2 ||     8
       Sublimation of Bl |       |       |       |     2 |       |     4 ||     6
       Frozen Ramparts   |       |       |       |    10 |    20 |     6 ||    36
       Freezing Cloud    |       |       |       |       |   125 |   133 ||   258
       Airstrike         |       |       |       |       |    17 |       ||    17
       Eringya's Noxious |       |       |       |       |    29 |    21 ||    50
       Spellforged Servi |       |       |       |       |    22 |    20 ||    42
       Hailstorm         |       |       |       |       |       |     8 ||     8
Evoke: Wand              |       |       |     3 |       |     4 |     1 ||     8
       Condenser vane    |       |       |       |     1 |     1 |       ||     2
       Phial of floods   |       |       |       |       |     1 |       ||     1
  Use: Scroll            |     6 |    10 |    12 |    10 |    20 |    20 ||    78
       Potion            |     1 |     1 |     2 |     6 |     5 |    12 ||    27
 Stab: Sleeping          |     1 |     2 |     3 |     6 |     4 |     6 ||    22
       Confused          |       |       |     1 |       |       |       ||     1
       Distracted        |       |       |       |       |     2 |       ||     2
       Invisible         |       |       |       |       |       |     1 ||     1
Armor: Robe              |     5 |     2 |       |    38 |    91 |    80 ||   216
       Skin              |     2 |       |       |       |       |       ||     2
       Leather armour    |       |    20 |    74 |    40 |       |       ||   134
       Plate armour      |       |       |       |       |       |   303 ||   303
Dodge: Dodged            |    12 |    24 |   113 |   218 |   513 |   677 ||  1557
Block: Buckler           |       |       |       |     8 |       |    53 ||    61
       Rpst.: Falchion   |       |       |    12 |    34 |       |       ||    46
